 Dungeon Crawl Stone Soup version 0.29.1-12-g30fa7ad0bf (webtiles) character file.

Game seed: 8383403787282072004

71141 warriortoast the Marksspriggan (level 14, -24/77 HPs)
             Began as a Spriggan Hunter on Dec 12, 2022.
             Was an Elder of Fedhas.
             Killed from afar by Jorgrun (35 damage)
             ... with a blast of metal fragments
             ... on level 12 of the Dungeon.
             The game lasted 01:35:11 (41599 turns).

warriortoast the Marksspriggan (Spriggan Hunter)   Turns: 41599, Time: 01:35:12

Health: -24/77     AC:  7    Str:  7    XL:     14   Next: 96%
Magic:  20/22      EV: 48    Int: 12    God:    Fedhas [****..]
Gold:   1137       SH:  0    Dex: 24    Spells: 19/23 levels left

rFire   . . .      SeeInvis +   b - +2 arbalest (freeze)
rCold   + . .      Faith    .   (shield currently unavailable)
rNeg    + + .      Spirit   .   H - +0 steam dragon scales
rPois   .          Reflect  .   Q - +0 hat
rElec   .          Harm     .   w - +1 cloak
rCorr   .          Rampage  .   (gloves unavailable)
Will    +++..                   (boots unavailable)
Stlth   ++++++....              f - amulet of the acrobat
HPRegen 0.22/turn               S - ring "Yrits" {rC+ rN++ Int+2}
MPRegen 0.18/turn               I - ring of willpower

@: acrobatic, very quick
A: very small, no large weapons, unfitting armour, see invisible, speed 3
a: Renounce Religion, Wall of Briars, Grow Ballistomycete, Overgrow


You were on level 12 of the Dungeon.
You worshipped Fedhas.
Fedhas was greatly pleased with you.
You visited 4 branches of the dungeon, and saw 20 of its levels.
You also visited: Ice Cave.

You collected 2230 gold pieces.
You spent 1093 gold pieces at shops.

Inventory:

Hand Weapons
 b - a +2 arbalest of freezing (weapon)
 P - the +5 demon whip "Spellbinder" {antimagic, Will+}
   (You found it on level 3 of the Lair of Beasts)

   It reduces the magical energy of the wielder, and disrupts the spells and
   magical abilities of those it strikes.
   Natural abilities and divine invocations are not affected.
   It unleashes wild and unpredictable magical effects upon striking a wizard or
   a creature with magical abilities.
   Will:      It increases your willpower.
Missiles
 t - 2 throwing nets
Armour
 w - a +1 cloak (worn)
 H - +0 steam dragon scales (worn)
 Q - a +0 hat (worn)
Jewellery
 a - an amulet of regeneration
 f - an amulet of the acrobat (around neck)
 s - a ring of magical power
 u - a ring of flight
 I - a ring of willpower (right hand)
 S - the ring "Yrits" (left hand) {rC+ rN++ Int+2}
   (You bought it in a shop on level 5 of the Dungeon)

   [ring of protection from cold]

   Int:       It affects your intelligence (+2).
   rC:        It protects you from cold.
   rN:        It greatly protects you from negative energy.
Wands
 z - a wand of flame (11)
 C - a wand of roots (21)
 E - a wand of polymorph (9)
 K - a wand of mindburst (2)
 L - a wand of charming (18)
Scrolls
 d - 7 scrolls of teleportation
 g - 2 scrolls of butterflies
 h - 11 scrolls of identify
 j - 3 scrolls of magic mapping
 q - 2 scrolls of amnesia
 B - 4 scrolls of fear
 W - a scroll of silence
Potions
 c - a potion of mutation {unknown}
 e - 10 potions of curing
 i - 3 potions of haste
 l - 3 potions of lignification
 m - 3 potions of brilliance
 n - 3 potions of invisibility
 o - a potion of ambrosia
 p - 2 potions of cancellation
 A - 2 potions of berserk rage
 D - a potion of resistance
 G - a potion of attraction
 N - a potion of might
 O - 2 potions of magic
 Z - a potion of heal wounds


   Skills:
 - Level 10.0 Fighting
 - Level 16.0 Ranged Weapons
 + Level 14.8 Dodging
 - Level 15.0 Stealth
 - Level 5.0 Spellcasting
 - Level 6.0 Hexes
 - Level 10.0 Invocations


You had 19 spell levels left.
You knew the following spells:

 Your Spells              Type           Power      Damage    Failure   Level
a - Cause Fear            Hex            8%         N/A       17%         4

Your spell library contained the following spells:

 Spells                   Type           Power      Damage    Failure   Level
 Inner Flame              Hex/Fire       10%        N/A       17%         3
 Beastly Appendage        Tmut           6%         N/A       21%         1
 Foxfire                  Conj/Fire      12%        2x1d4     21%         1
 Blink                    Tloc           6%         N/A       30%         2
 Scorch                   Fire           6%         2d5       30%         2
 Wereblood                Tmut           3%         N/A       30%         2
 Anguish                  Hex/Necr       5%         N/A       50%         4
 Fulminant Prism          Conj/Hex       5%         3d7       50%         4
 Conjure Flame            Conj/Fire      3%         6-21      52%         3
 Lesser Beckoning         Tloc           3%         N/A       52%         3
 Spider Form              Tmut/Pois      3%         N/A       52%         3
 Flame Wave               Conj/Fire      3%         2d5       89%         4
 Hailstorm                Conj/Ice       3%         3d3       89%         4
 Ice Form                 Ice/Tmut       3%         N/A       89%         4
 Iskenderun's Mystic Bla  Conj/Tloc      3%         2d3       89%         4
 Fireball                 Conj/Fire      1%         3d3       99%         5
 Iskenderun's Battlesphe  Conj           3%         2d6       99%         5
 Lee's Rapid Deconstruct  Erth           1%         3d5*      99%         5
 Manifold Assault         Tloc           3%         N/A       99%         5
 Conjure Ball Lightning   Conj/Air       1%         3x3d6     100%        6
 Simulacrum               Ice/Necr       1%         N/A       100%        6
 Starburst                Conj/Fire      1%         6d3       100%        6
 Summon Cactus Giant      Summ           1%         N/A       100%        6
 Enfeeble                 Hex            8%         N/A       100%        7
 Orb of Destruction       Conj           1%         9d5       100%        7
 Discord                  Hex            8%         N/A       100%        8
 Ignition                 Fire           1%         3d3       100%        8


Dungeon Overview and Level Annotations

Branches:
Dungeon (12/15)            Temple (1/1) D:6            Lair (5/5) D:11
 Shoals (0/4) Lair:2        Snake (0/4) Lair:2        Slime (0/5) Lair:4
    Orc (2/2) D:10            Elf (0/3) Orc:2         IceCv (visited)

Altars:
Ashenzari
Cheibriados
Dithmenos
Elyvilon
Fedhas
Gozag
Kikubaaqudgha
Makhleb
Nemelex Xobeh
Okawaru
Qazlal
Ru
Trog
Uskayaw
Vehumet
Wu Jian
Xom
Zin
The Shining One
Jiyva

Shops:
D:1 ?[[[   D:5 =   Orc:1 (   Orc:2 ?(((=

Annotations:
D:12 2 transporters, Jorgrun; sanboga's ghost, journeyman FoFi
Lair:5 2 transporters, exclusion: obsidian statue, TheSexyCheese's ghost, journeyman MiFi
Orc:2 hawla's ghost, journeyman GnWn


Innate Abilities, Weirdness & Mutations

You are very small and have problems with some larger weapons.
You are too small for most types of armour.
You have supernaturally acute eyesight. (SInv)
You cover ground extremely quickly. (Speed+++)


Message History

You shoot a bolt. Fedhas protects your plant from harm.
The bolt barely misses Jorgrun.
Jorgrun shouts!
Jorgrun gestures next to you while chanting.
Some rock shatters into small pieces.
You shoot a bolt. Fedhas protects your plant from harm.
The bolt hits Jorgrun!!
The bolt freezes Jorgrun.
Jorgrun is lightly wounded.
Jorgrun casts a spell next to you.
The wall shatters!
The blast of rock fragments hits your briar patch!
The blast of rock fragments hits your briar patch!!
The blast of rock fragments hits you!!
The blast of rock fragments hits your briar patch!!!
Your briar patch is destroyed!
Your briar patch disappears in a puff of smoke!
You shoot a bolt.
The bolt hits Jorgrun but does no damage.
Jorgrun is lightly wounded.
Jorgrun casts a spell next to you.
The wall shatters!
The blast of rock fragments hits your briar patch but does no damage.
The blast of rock fragments hits your briar patch!!!
Your briar patch is destroyed!
Your briar patch disappears in a puff of smoke!
The blast of rock fragments hits you!!
* * * LOW HITPOINT WARNING * * *
As you read the scroll of fear, it crumbles to dust.
You assume a fearsome visage.
Jorgrun resists with almost no effort.
Unknown command.
Jorgrun gestures next to you while chanting.
The metal wall shatters!
The blast of metal fragments hits your briar patch!!!
Your briar patch is destroyed!
Your briar patch disappears in a puff of smoke!
The blast of metal fragments hits you!!
You die...
Fedhas appreciates your contribution to the ecosystem.

....##.#..#.##..# .
........##..^.##..
.## ...#..##.#.##..#
##..
.########..##.#..##.#
## #.##....##....
#...##.#..##. #
##..#.##..#P##..#
###....##ยง.g.#
#.#.##..#@#...#
#..##.#...#.#..#
##....##....# ...
#..##.#..##.#..# .
#..#.##..# ##..#
########## ##


You could see Jorgrun (ally target).

Vanquished Creatures
  Kirke (D:12)
  2 dire elephants (Lair:5)
  Snorg (Lair:4)
  The ghost of SirLogeyBear the Severer, a journeyman HOBe of Trog (D:10)
  Erolcha (D:10)
  2 hydras
  A centaur warrior (D:10)
  A catoblepas (Lair:5)
  2 two-headed ogres
  Erica (D:10)
  3 death yaks (D:11)
  3 orc high priests (Orc:2)
  A spectral dire elephant (Lair:5)
  Nergalle (Lair:1)
  A skeletal warrior (D:9)
  A spectral death yak (Lair:5)
  A spectral anaconda (Lair:5)
  Pikel (D:6)
  4 necromancers (Lair:5)
  A lindwurm (Lair:3)
  5 orc knights
  2 manticores
  5 orc sorcerers
  An ugly thing (D:12)
  2 cyclopes
  13 elephants
  Joseph (D:10)
  A gargoyle (D:11)
  9 black mambas
  An unseen horror (D:12)
  11 cane toads
  A kobold demonologist (D:11)
  10 komodo dragons
  A dire elephant skeleton (Lair:5)
  A rime drake (Lair:2)
  4 ice devils (IceCv)
  7 trolls
  A polar bear (Lair:2)
  7 slime creatures
  15 blink frogs
  Prince Ribbit (D:6)
  3 jumping spiders (Lair:3)
  6 wyverns
  A dire elephant simulacrum (Lair:5)
  54 yaks
  A shadow (D:10)
  A vampire (D:11)
  2 wraiths
  Grum (Lair:1)
  5 hogs
  A redback (Lair:3)
  2 steam dragons
  2 basilisks (Lair:2)
  Eustachio (D:5)
  5 wargs
  An acid dragon (D:10)
  A death yak simulacrum (Lair:5)
  16 water moccasins
  Duvessa (D:4)
  2 ice beasts
  18 orc warriors
  2 black bears
  5 ogres
  2 elephant zombies (Lair:5)
  10 wolves
  A centaur (D:9)
  2 kobold brigands (D:6)
  A scorpion (D:6)
  5 bullfrogs
  4 cane toad simulacra
  A necrophage (D:8)
  A two-headed ogre simulacrum (IceCv)
  6 wights (D:9)
  Dowan (D:4)
  2 elephant simulacra (Lair:5)
  7 killer bees
  3 electric eels (Lair:4)
  5 howler monkeys
  A lava snake (Lair:3)
  3 quasits
  3 hounds
  4 jellies
  17 orc priests
  9 hell rats
  Natasha (thrice) (D:2)
  2 iguanas
  17 orc wizards
  5 river rats (D:11)
  2 adders
  4 shadow imps (D:7)
  2 white imps
  6 ufetubi
  A worm (D:2)
  A dart slug (D:4)
  65 orcs
  4 ball pythons
  7 bats
  7 endoplasms
  2 giant cockroaches
  4 goblins
  7 hobgoblins
  3 jackals (D:3)
  13 kobolds
  6 quokkas
  3 training dummies (Orc:1)
  4 frilled lizards
  3 rats
519 creatures vanquished.

Vanquished Creatures (collateral kills)
  A boulder beetle (Lair:3)
  A lindwurm (Lair:3)
  2 elephants (Lair:5)
  3 black mambas (Lair:2)
  A cane toad (Lair:4)
  A rime drake (Lair:3)
  A komodo dragon (Lair:4)
  A troll (Orc:2)
  A blink frog (Lair:4)
  2 water moccasins (Lair:2)
  2 orc warriors
  3 wolves
  2 killer bees (D:10)
  An orc priest (Orc:2)
  2 hell rats (Lair:4)
  2 orcs (Orc:1)
  4 ballistomycete spores (Orc:2)
30 creatures vanquished.

Vanquished Creatures (others)
  An unseen horror (D:11)
  An orc priest (Orc:2)
  3 orc wizards
  2 orcs (Orc:2)
  A kobold (D:6)
  8 demonic plants (D:7)
  48 fungi
  62 plants
  40 withered plants (Lair:5)
166 creatures vanquished.

Grand Total: 715 creatures vanquished

Notes
Turn   | Place    | Note
-------+----------+-------------------------------------------
     0 | D:1      | warriortoast the Spriggan Hunter began the quest for the
                  | Orb.
     0 | D:1      | Reached XP level 1. HP: 10/10 MP: 2/2
   102 | D:1      | Found Gyebuj's Armour Shop.
   197 | D:1      | Reached XP level 2. HP: 15/15 MP: 3/3
   212 | D:1      | Found Ziate's Magic Scroll Boutique.
   213 | D:1      | Found Wodustro's Antique Armour Shoppe.
   282 | D:1      | Found Naanoa's Antique Armour Shoppe.
   449 | D:1      | Reached XP level 3. HP: 18/18 MP: 4/4
   650 | D:1      | Found a faded altar of an unknown god.
  1401 | D:2      | Noticed Natasha
  1408 | D:2      | Killed Natasha
  1409 | D:2      | Reached XP level 4. HP: 23/23 MP: 5/5
  1419 | D:2      | Noticed Natasha
  1423 | D:2      | Killed Natasha
  1816 | D:2      | Noticed Natasha
  1818 | D:2      | Killed Natasha
  2206 | D:3      | Reached XP level 5. HP: 27/27 MP: 6/6
  3088 | D:1      | Bought a scroll of identify for 28 gold pieces
  3088 | D:1      | Bought a scroll of magic mapping for 105 gold pieces
  3088 | D:1      | Bought a scroll of identify for 28 gold pieces
  3422 | D:4      | Noticed Duvessa
  4063 | D:4      | Noticed Dowan
  4083 | D:5      | Entered Level 5 of the Dungeon
  4172 | D:5      | Found Ysigao's Jewellery Shoppe.
  4219 | D:5      | Noticed an ogre
  4220 | D:5      | Noticed an ice beast
  4264 | D:5      | Killed an ogre
  4265 | D:5      | Reached skill level 5 in Ranged Weapons
  4265 | D:5      | Reached XP level 6. HP: 32/32 MP: 7/7
  4347 | D:5      | Reached skill level 5 in Stealth
  4473 | D:1      | Bought a scroll of enchant weapon for 105 gold pieces
  4677 | D:5      | Noticed a water moccasin
  4688 | D:4      | Killed a water moccasin
  4689 | D:4      | Reached skill level 5 in Dodging
  5110 | D:5      | Noticed Eustachio
  5150 | D:5      | Reached XP level 7. HP: 36/36 MP: 8/8
  6782 | D:4      | Killed Duvessa
  7109 | D:4      | Killed Dowan
  7239 | D:6      | Reached skill level 6 in Ranged Weapons
  7338 | D:6      | Noticed Prince Ribbit
  7382 | D:6      | Killed Prince Ribbit
  7383 | D:6      | Reached XP level 8. HP: 42/42 MP: 9/9
  7452 | D:6      | Found a staircase to the Ecumenical Temple.
  7637 | Temple   | Entered the Ecumenical Temple
  7680 | Temple   | Became a worshipper of Fedhas Madash
  8410 | D:5      | Killed Eustachio
  9204 | D:7      | Reached * piety under Fedhas
  9642 | D:6      | Reached skill level 5 in Fighting
  9642 | D:6      | Reached skill level 7 in Ranged Weapons
 10518 | D:6      | Reached XP level 9. HP: 42/47 MP: 10/10
 11065 | D:7      | Noticed Pikel
 11106 | D:6      | Killed Pikel
 11107 | D:6      | Reached skill level 10 in Stealth
 11606 | D:7      | Reached ** piety under Fedhas
 11773 | D:7      | Reached skill level 8 in Ranged Weapons
 12008 | D:7      | Found a sacrificial altar of Ru.
 12190 | D:7      | Reached skill level 10 in Dodging
 12726 | D:8      | Reached skill level 9 in Ranged Weapons
 13293 | D:9      | Reached XP level 10. HP: 38/51 MP: 11/11
 13410 | D:9      | Reached skill level 10 in Ranged Weapons
 13601 | D:9      | Noticed a skeletal warrior
 14026 | D:9      | Noticed a two-headed ogre
 14096 | D:9      | Killed a two-headed ogre
 14097 | D:9      | Reached skill level 11 in Ranged Weapons
 14310 | D:9      | Reached skill level 12 in Ranged Weapons
 14605 | D:9      | Noticed a cyclops
 14924 | D:9      | Killed a cyclops
 15201 | D:9      | Killed a skeletal warrior
 15232 | D:9      | Noticed a manticore
 15285 | D:10     | Entered Level 10 of the Dungeon
 15285 | D:10     | Noticed Joseph
 15397 | D:10     | Reached skill level 13 in Ranged Weapons
 15484 | D:9      | Reached *** piety under Fedhas
 15692 | D:10     | Noticed Erica
 15694 | D:10     | Reached XP level 11. HP: 48/55 MP: 12/12
 15706 | D:10     | Killed Erica
 16540 | D:10     | Killed Joseph
 16698 | D:10     | Noticed Erolcha
 16713 | D:10     | Killed Erolcha
 16714 | D:10     | Reached skill level 14 in Ranged Weapons
 16891 | D:10     | Noticed a centaur warrior
 17127 | D:10     | Killed a centaur warrior
 17217 | D:11     | Found a runed translucent gate.
 17217 | D:11     | Found a runed translucent gate.
 17217 | D:11     | Found a runed translucent gate.
 17298 | D:11     | Noticed SirLogeyBear's ghost (journeyman HOBe)
 17356 | D:11     | Noticed a death yak
 17356 | D:11     | Noticed a death yak
 17356 | D:11     | Noticed a death yak
 17591 | D:11     | Killed a death yak
 17940 | D:11     | Reached skill level 1 in Invocations
 18094 | D:11     | Found a staircase to the Lair.
 18145 | D:11     | Killed a death yak
 18263 | D:11     | Killed a death yak
 18463 | D:11     | Found a viscous altar of Jiyva.
 18567 | D:11     | Reached XP level 12. HP: 49/63 MP: 13/15
 19299 | D:11     | Reached skill level 15 in Ranged Weapons
 19671 | D:10     | Killed SirLogeyBear's ghost
 20136 | D:12     | Noticed Kirke
 20402 | D:10     | Found a staircase to the Orcish Mines.
 20411 | Orc:1    | Entered Level 1 of the Orcish Mines
 20509 | Lair:1   | Entered Level 1 of the Lair of Beasts
 20529 | Lair:1   | Noticed Grum
 20600 | Lair:1   | Killed Grum
 20786 | Lair:1   | Found a frozen archway.
 20802 | IceCv    | Entered an ice cave
 22017 | Lair:1   | Noticed a five-headed hydra
 22048 | Lair:1   | Killed a five-headed hydra
 22049 | Lair:1   | Reached skill level 5 in Invocations
 22657 | Lair:1   | Noticed Nergalle
 22932 | Lair:1   | Killed Nergalle
 23408 | Lair:2   | Found a staircase to the Shoals.
 24316 | Lair:2   | Reached **** piety under Fedhas
 24388 | Lair:2   | Reached skill level 16 in Ranged Weapons
 24471 | Lair:2   | Reached XP level 13. HP: 70/70 MP: 19/19
 24954 | Lair:2   | Found a staircase to the Snake Pit.
 26656 | Lair:3   | Reached skill level 10 in Fighting
 27118 | Lair:3   | Found a runed translucent door.
 27142 | Lair:3   | Found the +5 demon whip "Spellbinder" {antimagic, Will+}
 27261 | Lair:3   | Found a runed translucent gate.
 27261 | Lair:3   | Found a runed translucent gate.
 27261 | Lair:3   | Found a runed translucent gate.
 27261 | Lair:3   | Found a runed translucent gate.
 27261 | Lair:3   | Found a runed translucent gate.
 27261 | Lair:3   | Found a runed translucent gate.
 27908 | Lair:4   | Reached skill level 10 in Invocations
 27913 | Lair:4   | Learned a level 4 spell: Cause Fear
 27972 | Lair:4   | Noticed Snorg
 28026 | Lair:4   | Killed Snorg
 28027 | Lair:4   | Reached skill level 1 in Spellcasting
 28027 | Lair:4   | Reached skill level 1 in Hexes
 28300 | Lair:4   | Found a viscous altar of Jiyva.
 28300 | Lair:4   | Found a staircase to the Slime Pits.
 28586 | Lair:5   | Entered Level 5 of the Lair of Beasts
 30949 | Lair:5   | Reached XP level 14. HP: 77/77 MP: 19/22
 31239 | Lair:5   | Found a transporter.
 31259 | Lair:5   | Found a bloodstained altar of Trog.
 31259 | Lair:5   | Noticed TheSexyCheese's ghost (journeyman MiFi)
 32002 | Orc:2    | Entered Level 2 of the Orcish Mines
 32812 | Orc:2    | Found a staircase to the Elven Halls.
 33009 | Orc:2    | Found a runed translucent gate.
 33009 | Orc:2    | Found a runed translucent gate.
 33009 | Orc:2    | Found a runed translucent gate.
 33010 | Orc:2    | Noticed hawla's ghost (journeyman GnWn)
 33052 | Orc:2    | Found Saanoof's Jewellery Boutique.
 33237 | D:5      | Bought the ring "Yrits" {rC+ rN++ Int+2} for 513 gold
                  | pieces
 33545 | Lair:3   | Reached skill level 5 in Spellcasting
 33545 | Lair:3   | Reached skill level 5 in Hexes
 35364 | Orc:2    | Found Waiso's Antique Weapon Boutique.
 35364 | Orc:2    | Found Ihomog's Antique Weapon Shoppe.
 35366 | Orc:2    | Found Kutan's Antique Weapon Boutique.
 35366 | Orc:2    | Found Tutofur's Magic Scroll Shoppe.
 35375 | Orc:2    | Bought a scroll of silence for 142 gold pieces
 35375 | Orc:2    | Bought a scroll of noise for 15 gold pieces
 35375 | Orc:2    | Bought a scroll of teleportation for 45 gold pieces
 35375 | Orc:2    | Bought a scroll of blinking for 112 gold pieces
 35849 | Orc:2    | HP: 3/77 [hawla's ghost/the air (21)]
 37037 | Orc:1    | Found Bocketef's Firing Range.
 37765 | Lair:5   | Found a transporter.
 40054 | Lair:5   | Reached skill level 15 in Stealth
 41235 | D:12     | Killed Kirke
 41383 | D:12     | Noticed a vampire knight
 41507 | D:12     | Found a transporter.
 41509 | D:12     | Noticed sanboga's ghost (journeyman FoFi)
 41514 | D:12     | Found a transporter.
 41593 | D:12     | Noticed Jorgrun
 41599 | D:12     | Killed from afar by Jorgrun

Illustrated notes

Levels and vault maps discovered:
D:1:      sevenhm_arrival_forest_fort_large_2, layout_loops_ring, serial_shops,
          nicolae_shop_waterfront, shop, nicolae_shop_waterfront, shop,
          ebering_ecumenical_altar_abandoned, minmay_tall_x
D:2:      cheibrodos_helix_gallery, layout_loops_corners, uniq_natasha
D:3:      layout_basic, serial_bayou_pond_a, serial_bayou_pond_b,
          nicolae_hexahallways, dreamdust_mushroom_princess
D:4:      nicolae_cairo_tiling_large_dashed, layout_loops_corners, uniq_duvessa
D:5:      layout_rooms, serial_shops, nicolae_take_the_stairs, uniq_eustachio
D:6:      layout_basic, temple_pool_b, uniq_prince_ribbit1
D:7:      layout_cave_pools, nicolae_ru_the_path_less_chosen, serial_demonic,
          serial_demonic_a, serial_demonic_g, serial_demonic_a,
          serial_demonic_g, serial_demonic_d, serial_demonic_b, uniq_pikel
D:8:      layout_cave_pools
D:9:      minmay_chambers_of_sixes, layout_basic, minivault_22
D:10:     layout_basic, orc_0_dummy, nicolae_concentric_dashed_squares_wild,
          uniq_erica, uniq_erolcha, uniq_joseph
D:11:     layout_irregular_city, dpeg_lair_monsters, gammafunk_ghost_ooze,
          grunt_decor_one_mirror
D:12:     layout_cave_pools, gammafunk_ghost_mausoleum, palyth_stone_intersect,
          nicolae_eternal_life, hangedman_decor_points, minivault_12,
          uniq_jorgrun, uniq_kirke
Temple:   grunt_wide_crystal_templ
Lair:1:   layout_roguey, portal_ice_cave_entry_pillars_1, uniq_grum,
          uniq_nergalle
Lair:2:   layout_cave_pods, elwin_shoals_entry_rocks,
          minmay_snake_entry_six_corridors
Lair:3:   gammafunk_indiana_jones, layout_regular_city, lemuel_fruit_tree,
          infiniplex_staircase_pool_2
Lair:4:   layout_regular_city, minmay_slime_entry_oklob_enclosed,
          serial_bayou_pond_e, serial_bayou_lake_a, grunt_megastairs_4,
          uniq_snorg
Lair:5:   due_jungle_book, layout_long_grid, gammafunk_ghost_wrathful_warriors,
          grunt_megastairs_2
Orc:1:    layout_diamond_mine, lemuel_statue_altar, nicolae_shop_firing_range
Orc:2:    grunt_orc_tribal_feast, layout_caves, serial_shops,
          nicolae_shop_statue_plus, gammafunk_ghost_split

Skill      XL: |  1  2  3  4  5  6  7  8  9 10 11 12 13 14 |
---------------+-------------------------------------------+-----
Stealth        | 2 3 4 6 7 9 10 11 15 | 15.0
Dodging        | 3 4 5 6 8 10 14 | 14.8
Fighting       | 2 3 4 5 7 9 10 | 10.0
Ranged Weapons | 5 6 7 9 13 14 16 | 16.0
Invocations    | 2 6 10 | 10.0
Spellcasting   | 3 5 |  5.0
Hexes          | 3 6 |  6.0

Action                   |  1- 3 |  4- 6 |  7- 9 | 10-12 | 13-15 || total
-------------------------+-------+-------+-------+-------+-------++-------
 Fire: Shortbow          |   105 |   123 |   548 |  1311 |  1933 ||  4020
       Arbalest          |       |       |       |       |    64 ||    64
Invok: Wall of Briars    |       |       |     1 |    15 |    37 ||    53
       Grow Ballistomyce |       |       |       |       |     1 ||     1
       Overgrow          |       |       |       |       |     1 ||     1
Evoke: Wand              |       |       |       |     5 |     6 ||    11
       Phantom mirror    |       |       |       |     1 |     2 ||     3
  Use: Scroll            |       |    14 |     4 |     6 |    11 ||    35
       Potion            |       |       |     1 |     4 |     3 ||     8
Armor: Robe              |     2 |     9 |    23 |       |       ||    34
       Steam dragon scal |       |       |     1 |    30 |    57 ||    88
       Skin              |       |       |       |     7 |       ||     7
Dodge: Dodged            |    30 |    54 |   334 |   433 |   581 ||  1432
